 Dungeon Sprint DCSS version 0.28.0-53-g5a82cb258f (webtiles) character file.

Game seed: 8798324350664539997

3 bnorton916 the Skirmisher (level 1, -5/20 HPs)
             Began as a Hill Orc Fighter on June 5, 2022.
             Slain by a human (6 damage)
             ... in the Dungeon (Sprint III: "The Ten Rune Challenge").
             The game lasted 00:00:39 (179 turns).

bnorton916 the Skirmisher (Hill Orc Fighter)         Turns: 179, Time: 00:00:40

Health: -5/20      AC:  7    Str: 18    XL:     1   Next: 50%
Magic:  1/1        EV:  9    Int:  8    God:
Gold:   18         SH:  4    Dex: 10    Spells: 0/0 levels left

rFire   . . .      SeeInvis .   a - +0 war axe
rCold   . . .      Faith    .   c - +0 buckler
rNeg    . . .      Spirit   .   b - +0 scale mail
rPois   .          Reflect  .   (no helmet)
rElec   .          Harm     .   (no cloak)
rCorr   .          Rampage  .   (no gloves)
Will    .....      NoTele   +   (no boots)
Stlth   ..........              (no amulet)
HPRegen 0.06/turn               (no ring)
MPRegen 0.07/turn               (no ring)

@: on berserk cooldown, slowed, very slow
A: no striking features
a: no special abilities


You were in the Dungeon.
You visited 1 branch You collected 18 gold pieces.

Inventory:

Hand Weapons
 a - a +0 war axe (weapon)
Armour
 b - a +0 scale mail (worn)
 c - a +0 buckler (worn)
Scrolls
 j - a scroll of blinking
Potions
 d - a potion of might
 e - a potion of curing
 f - a potion of heal wounds
 g - a potion of haste
 h - 2 potions of magic


   Skills:
 + Level 4.0 Fighting
 + Level 3.3 Axes
 + Level 3.7 Armour
 + Level 3.7 Shields


You couldn't memorise any spells.
You didn't know any spells.
Your spell library was empty.

Dungeon Overview and Level Annotations

Branches:
Dungeon (1/1)

Altars:


Message History

The human is heavily wounded.
The human hits you.
You closely miss the human.
The human is heavily wounded.
You block the human's attack.
You closely miss the human.
The human is heavily wounded.
The human hits you!
* * * LOW HITPOINT WARNING * * *
You barely miss the human.
The human is heavily wounded.
The human hits you but does no damage.
You closely miss the human.
The human is heavily wounded.
The human hits you but does no damage.
You closely miss the human.
The human is heavily wounded.
The human barely misses you.
You barely miss the human.
The human is heavily wounded.
The human hits you but does no damage.
You miss the human.
The human is heavily wounded.
The human hits you.
* * * LOW HITPOINT WARNING * * *
You hit the human.
The human is severely wounded.
You barely miss the human.
The human is severely wounded.
The human hits you.
* * * LOW HITPOINT WARNING * * *
You barely miss the human.
The human is severely wounded.
You block the human's attack.
You barely miss the human.
The human is severely wounded.
You are no longer berserk.
You are exhausted.
You feel yourself slow down. You block the human's attack. The human hits you.
You die...

▓▓▓▓▓▓▓▓▓
▓<..#)..####
▓...#......##
▓..##...†...#
▓##.##.##...# .#
##.##.###@.# ..#
▓#.####.##p.# ...+
▓.###..##.†##
#p..# ▓#..†..##..#
#....#
###..##...##.....#
##..##....#......#
#..###..##.# #..#
#..#### ▓▓▓▓ ▓▓▓▓


You could see a human.

Vanquished Creatures
  An endoplasm (D)
  3 rats (D)
4 creatures vanquished.

Notes
Turn   | Place    | Note
-------+----------+-------------------------------------------
     0 | D        | bnorton916 the Hill Orc Fighter began the quest for the
                  | Orb.
     0 | D        | Reached XP level 1. HP: 19/19 MP: 1/1
   133 | D        | Reached skill level 4 in Fighting
   179 | D        | Slain by a human

Illustrated notes

Levels and vault maps discovered:
D:        dungeon_sprint_mu [sprint_mu_entry_cave, sprint_mu_temple_rooms,
          sprint_mu_d1_horrors, sprint_mu_d2_genie, sprint_mu_d3_branching,
          sprint_mu_orc_legion, sprint_mu_elf_gauntlet, sprint_mu_hive_nellie,
          sprint_mu_lair_fedhas, sprint_mu_vaults_butterflies,
          sprint_mu_slime_circle, sprint_mu_swamp_cave, sprint_mu_shoals_archi,
          sprint_mu_blade_basic, sprint_mu_crypt_lich, sprint_mu_tomb_spiral,
          sprint_mu_vestibule_basic, sprint_mu_gehenna_hellfire,
          sprint_mu_dis_giant, sprint_mu_tartarus_statrot,
          sprint_mu_cocytus_islands, sprint_mu_zot1]

Skill      XL: |  1 |
---------------+----+-----
Axes           | 3 |  3.3
Fighting       | 4 |  4.0
Armour         | |  3.7
Shields        | |  3.7

Action                   || total
-------------------------++-------
Melee: War axe           ||    30
  Use: Potion            ||     1
Armor: Scale mail        ||     8
Dodge: Dodged            ||     6
Block: Buckler           ||     7
